 Dungeon Crawl Stone Soup version 0.20-a0-672-gd6c3c51 (webtiles) character file.

85 ThermosAquaticus the Gusty (level 4, 0/24 HPs)
             Began as a Tengu Air Elementalist on Feb 17, 2017.
             Killed from afar by an orc wizard (6 damage)
             ... with a magic dart
             ... on level 3 of the Dungeon.
             The game lasted 00:07:35 (2885 turns).

ThermosAquaticus the Gusty (Tengu Air Elementalist) Turns: 2885, Time: 00:07:36

Health: 0/24       AC:  2    Str:  8    XL:     4   Next: 48%
Magic:  1/9        EV: 13    Int: 16    God:
Gold:   65         SH:  0    Dex: 15    Spells: 2/8 levels left

rFire    . . .     SeeInvis .   s - +0 hunting sling (freeze)
rCold    . . .     Gourm    .   a - +0 robe
rNeg     . . .     Faith    .   (no shield)
rPois    .         Spirit   .   (helmet restricted)
rElec    .         Reflect  .   (no cloak)
rCorr    .         Harm     .   (no gloves)
MR       .....                  (boots unavailable)
Stlth    ++........             (no amulet)
Regen    0.1/turn               (no ring)
MPRegen  0.2/turn               (no ring)

@: very slightly contaminated
A: beak, talons 3
a: no special abilities


You were on level 3 of the Dungeon.
You were hungry.

You visited 1 branch of the dungeon, and saw 3 of its levels.

You collected 65 gold pieces.

Inventory:

Hand Weapons
 p - a +0 hunting sling
 s - a +0 hunting sling of freezing (weapon)
Missiles
 e - 96 stones (quivered)
 j - a throwing net
Armour
 a - a +0 robe (worn)
 i - a cursed +0 buckler
Jewellery
 q - an uncursed amulet of guardian spirit
Scrolls
 d - a scroll of identify
 h - 2 scrolls of recharging {unknown}
 k - a scroll of teleportation {unknown}
 m - a scroll of immolation {unknown}
 o - a scroll of remove curse {unknown}
 t - a scroll of magic mapping {unknown}
 v - a scroll of blinking {unknown}
Potions
 n - a potion of invisibility
 r - 2 potions of curing
 u - a potion of brilliance
Books
 b - a book of Air

   Spells                             Type                      Level
   a - Shock                          Conjuration/Air              1
   b - Swiftness                      Charms/Air                   2
   c - Static Discharge               Conjuration/Air              3
   d - Airstrike                      Air                          4
   e - Lightning Bolt                 Conjuration/Air              5
Comestibles
 c - 2 bread rations
 f - 5 fruits
 g - a meat ration
 l - 2 royal jellies
 w - a chunk of flesh


   Skills:
 - Level 2.7 Dodging
 - Level 2.0 Stealth
 + Level 2.7 Spellcasting
 + Level 3.1 Conjurations
 + Level 4.9 Air Magic


You had 2 spell levels left.
You knew the following spells:

 Your Spells              Type           Power        Failure   Level  Hunger
a - Shock                 Conj/Air       ###.         4%          1    #......
b - Swiftness             Chrm/Air       ##......     12%         2    ##.....
c - Static Discharge      Conj/Air       ###.....     12%         3    ###....


Dungeon Overview and Level Annotations

Branches:
Dungeon (3/15)

Altars:
Nemelex Xobeh

Annotations:
D:3 Malvoorn's ghost, weakling TrMo


Innate Abilities, Weirdness & Mutations

You have a beak for a mouth.
You have claws for feet.


Message History

You miscast Shock.
You are very lightly contaminated with residual magic.
Nothing appears to happen.
The adder bites you. The adder barely misses you.
Casting: Shock
Confirm with . or Enter, or press ? or * to list all spells.
Aiming: Shock
Press: ? - help, Shift-Dir - straight line, f - orc
Aim: an orc, wielding a mace (almost dead)
The zap hits the adder.
You kill the adder!
The zap hits the orc.
You kill the orc!
You hear some strange, mumbled words.
A puff of flame appears from out of thin air!
The puff of flame hits you!
* * * LOW HITPOINT WARNING * * *
You hear some strange, mumbled words.
A magic dart appears from out of thin air!
The magic dart hits you!
You die...

....... ... .....o.## #.#
........######.##
...$..!.##......#
.....†.))(.##..#
#####.#.....###.÷..#
#........#... #.##.#
........ ##.#.#.##.#
............#...@#.#
.........##.##.#...#
....#....##........#########
....#....##................#
.........##................#
....#....#.................#
....#.##)..#...............#
..>>..............##########
......#...........#


There were no monsters in sight!

Vanquished Creatures
  3 adders
  A dart slug (D:1)
  2 leopard geckos (D:2)
  3 orcs (D:3)
  3 ball pythons (D:1)
  2 bats (D:1)
  3 giant cockroaches
  3 goblins
  6 hobgoblins
  3 jackals (D:1)
  7 kobolds
  A quokka (D:2)
  5 frilled lizards
  7 rats
49 creatures vanquished.

Notes
Turn   | Place    | Note
-------+----------+-------------------------------------------
     0 | D:1      | ThermosAquaticus the Tengu Air Elementalist began the quest for the Orb.
     0 | D:1      | Reached XP level 1. HP: 10/10 MP: 4/4
   215 | D:1      | Reached XP level 2. HP: 15/15 MP: 0/6
   275 | D:1      | Learned a level 2 spell: Swiftness
  1171 | D:2      | Reached XP level 3. HP: 19/19 MP: 2/7
  1289 | D:2      | Learned a level 3 spell: Static Discharge
  1802 | D:2      | Found a sparkling altar of Nemelex Xobeh.
  1812 | D:2      | You fall through a shaft!
  1816 | D:3      | Noticed Malvoorn's ghost (weakling TrMo)
  2041 | D:2      | Reached XP level 4. HP: 23/24 MP: 0/8
  2885 | D:3      | Killed from afar by an orc wizard

Vault maps used:
D:1:      scummos_arrival_star
D:2:      lemuel_coloured_pillars_altar
D:3:      amethyst_overflow_temple_binary, trog_book

Skill      XL: |  1  2  3  4 |
---------------+-------------+-----
Conjurations   | 2 3 |  3.1
Dodging        | |  2.7
Stealth        | |  2.0
Spellcasting   | |  2.7
Air Magic      | |  4.9

Action                   |  1- 3 |  4- 6 || total
-------------------------+-------+-------++-------
Melee: Unarmed           |     1 |       ||     1
 Cast: Shock             |    77 |    43 ||   120
  Use: Scroll            |       |     4 ||     4
  Eat: Chunk             |     4 |     2 ||     6
       Fruit             |       |     1 ||     1
Armor: Robe              |     4 |     1 ||     5
Dodge: Dodged            |    16 |     2 ||    18
